 Dungeon Crawl Stone Soup version 0.28.0-53-g5a82cb258f (webtiles) character file.

Game seed: 18255489257659075727

63 safid the Skirmisher (level 4, -1/40 HPs)
             Began as a Hill Orc Fighter on July 31, 2022.
             Was a High Priest of Ignis.
             Slain by a gnoll
             ... wielding a +0 vorpal spear
              (3 damage)
             ... on level 2 of the Dungeon.
             The game lasted 00:02:03 (865 turns).

safid the Skirmisher (Hill Orc Fighter)              Turns: 865, Time: 00:02:04

Health: -1/40      AC: 14    Str: 20    XL:     4   Next: 10%
Magic:  4/4        EV:  9    Int:  8    God:    Ignis [*****.]
Gold:   84         SH:  4    Dex: 10    Spells: 3/3 levels left

rFire   + . .      SeeInvis .   a - +0 war axe
rCold   . . .      Faith    .   c - +0 buckler
rNeg    . . .      Spirit   .   b - +0 scale mail
rPois   .          Reflect  .   (no helmet)
rElec   .          Harm     .   (no cloak)
rCorr   .          Rampage  .   (no gloves)
Will    .....                   (no boots)
Stlth   ..........              (no amulet)
HPRegen 0.13/turn               (no ring)
MPRegen 0.09/turn               (no ring)

@: fiery-armoured
A: no striking features
a: Renounce Religion, Fiery Armour, Foxfire Swarm, Rising Flame


You were on level 2 of the Dungeon.
You worshipped Ignis.
Ignis was extremely pleased with you.
You visited 1 branch of the dungeon, and saw 2 of its levels.

You collected 84 gold pieces.

Inventory:

Hand Weapons
 a - a +0 war axe (weapon)
Missiles
 h - 6 poisoned darts (quivered)
Armour
 b - a +0 scale mail (worn)
 c - a +0 buckler (worn)
Scrolls
 e - a scroll of blinking {unknown}
 g - a scroll of brand weapon {unknown}
Potions
 d - a potion of might
 f - a potion of flight {unknown}
 i - a potion of lignification {unknown}


   Skills:
 - Level 4.0 Fighting
 + Level 3.8 Axes
 - Level 4.0 Armour
 - Level 4.0 Shields


You had 3 spell levels left.
You didn't know any spells.
Your spell library contained the following spells:

 Spells                   Type           Power      Damage    Failure   Level
 Animate Armour           Summ/Erth      0%         N/A       100%        4
 Petrify                  Tmut/Erth      0%         N/A       100%        4
 Borgnjor's Vile Clutch   Necr/Erth      0%         N/A       100%        5
 Malign Gateway           Summ/Tloc      0%         N/A       100%        7


Dungeon Overview and Level Annotations

Branches:
Dungeon (2/15)

Altars:
Ignis


Message History

The orc is burned by your cloak of flames.
The orc is moderately wounded.
The gnoll hits you but does no damage. The gnoll hits you with a +0 spear.
* * * LOW HITPOINT WARNING * * *
The gnoll is burned by your cloak of flames.
The gnoll is severely wounded.
The gnoll hits you with a +0 flail.
* * * LOW HITPOINT WARNING * * *
The gnoll is burned by your cloak of flames.
The gnoll is almost dead.
The gnoll completely misses you.
You slash the gnoll!
You kill the gnoll!
You hit the gnoll.
You kill the gnoll!
You hit the orc.
You kill the orc!
The gnoll barely misses you. You block the gnoll's attack.
The orc hits you but does no damage.
The orc is burned by your cloak of flames.
The orc is almost dead.
Training target 4.0 for Armour reached!
Training target 4.0 for Shields reached!
Your Armour skill increases to level 4!
Your Shields skill increases to level 4!
You have reached level 4!
You slash the orc!
You kill the orc!
You closely miss the gnoll.
The gnoll hits you from afar with a +0 vorpal spear.
* * * LOW HITPOINT WARNING * * *
x2 The gnoll hits you but does no damage.
The gnoll is burned by your cloak of flames.
The gnoll is heavily wounded.
The gnoll barely misses you.
You barely miss the gnoll.
The gnoll is heavily wounded.
The gnoll closely misses you.
The gnoll hits you from afar with a +0 vorpal spear.
You die...

## ### # #.# #####
#....... ### ......
#.#.#.# #<#
......###..... ## #.#
..........#.#.#.# #.
#.# ......#.#>gw.....
#. #)#
.........@#.#.#.
#.##.#
......^..))g.....
.....#
####.#.#.#.#.#.#
#..### #.#.#.###
#..#########.#.#.#
..............)#.#
##.####.######'#+#####
#.####.### #.........
#........# #........#


You could see a worm and 2 gnolls.

Vanquished Creatures
  2 gnolls (D:2)
  A dart slug (D:1)
  2 orcs (D:2)
  6 ball pythons (D:1)
  3 endoplasms
  2 giant cockroaches (D:1)
  5 goblins
  2 hobgoblins
  A jackal (D:2)
  A quokka (D:1)
  3 bats
  3 frilled lizards (D:1)
  6 kobolds (D:1)
  A rat (D:1)
38 creatures vanquished.

Notes
Turn   | Place    | Note
-------+----------+-------------------------------------------
     0 | D:1      | safid the Hill Orc Fighter began the quest for the Orb.
     0 | D:1      | Reached XP level 1. HP: 19/19 MP: 1/1
   122 | D:1      | Reached XP level 2. HP: 27/27 MP: 2/2
   343 | D:1      | Found a faded altar of an unknown god.
   351 | D:1      | Prayed at the altar of an unknown god.
   351 | D:1      | Became a worshipper of Ignis, the Dying Flame
   370 | D:1      | Got Sif Muna's Volume of Earthen Orientation
   440 | D:1      | Reached XP level 3. HP: 28/33 MP: 3/3
   864 | D:2      | Reached XP level 4. HP: 4/40 MP: 4/4
   864 | D:2      | HP: 2/40 [gnoll/+0 vorpal spear (1)]
   865 | D:2      | Slain by a gnoll

Illustrated notes

Levels and vault maps discovered:
D:1:      amcnicky_arrival_wind_blow, layout_basic,
          nicolae_ecumenical_snake_handling, chequers_serial_rivers_micro_e
D:2:      layout_basic, st_stairs_9

Skill      XL: |  1  2  3 |
---------------+----------+-----
Axes           | 3 |  3.8
Fighting       | 4 |  4.0
Armour         | 4 |  4.0
Shields        | 4 |  4.0

Action                   |  1- 3 |  4- 6 || total
-------------------------+-------+-------++-------
Melee: War axe           |    67 |     2 ||    69
Invok: Fiery Armour      |     1 |       ||     1
Armor: Scale mail        |    37 |     1 ||    38
Dodge: Dodged            |    25 |     2 ||    27
Block: Buckler           |    22 |       ||    22
